 Dungeon Crawl Stone Soup version 0.30.1-6-gbe392663c4 (webtiles) character file.

Game seed: 4682107219539205676

1394 Kurtz the Cleaver (level 8, -7/48 HPs)
             Began as a Tengu Fighter on Sept 20, 2023.
             Was a Follower of Okawaru.
             Mangled by a vampire mosquito (9 damage)
             ... on level 6 of the Dungeon.
             The game lasted 00:04:27 (4899 turns).

Kurtz the Cleaver (Tengu Fighter)                   Turns: 4899, Time: 00:04:27

Health: -7/48      AC: 14    Str: 17 (19) XL:     8   Next: 68%
Magic:  8/10       EV:  9    Int:  7 (9)  God:    Okawaru [*.....]
Gold:   273        SH:  5    Dex: 11 (13) Spells: 7/7 levels left

rFire   . . .        s - +2 battleaxe (venom)
rCold   . . .        (shield currently unavailable)
rNeg    . . .        B - +0 plate armour
rPois   .            (helmet restricted)
rElec   .            (no cloak)
rCorr   .            (no gloves)
SInv    +            (boots unavailable)
Will    .....        g - amulet of reflection Stlth
                     t - ring of see invisible
HPRegen 0.28/turn    (no ring)
MPRegen 0.12/turn

%: reflection
@: heroic, flying quickly and evasively, quick
A: beak, talons 3, nimble flight
a: Renounce Religion, Heroism


You were on level 6 of the Dungeon.
You worshipped Okawaru.
Okawaru was aware of your devotion.
You visited 1 branch of the dungeon, and saw 7 of its levels.

You collected 338 gold pieces.
You spent 65 gold pieces at shops.

Inventory:

Hand Weapons
 a - a +0 war axe
 f - a +3 whip
 s - a +2 battleaxe of venom (weapon)
 y - a +2 morningstar of protection
Missiles
 u - 4 poisoned darts (quivered)
 A - 3 throwing nets
Armour
 c - a +0 buckler
 B - a +0 plate armour (worn)
Jewellery
 g - an amulet of reflection (around neck)
 t - a ring of see invisible (left hand)
Scrolls
 b - a scroll of brand weapon
 e - 8 scrolls of identify
 k - 9 scrolls of teleportation
 m - a scroll of amnesia {unknown}
 n - a scroll of fog
 o - a scroll of magic mapping {unknown}
 p - a scroll of fear {unknown}
 r - 2 scrolls of blinking {unknown}
 w - 2 scrolls of enchant weapon {unknown}
 x - a scroll of enchant armour {unknown}
Potions
 d - 2 potions of might
 i - 3 potions of lignification
 j - 3 potions of cancellation
 l - a potion of haste
 z - a potion of attraction


   Skills:
 * Level 4.0(9.0) Fighting
 * Level 9.5(14.5) Axes
 * Level 5.3(10.3) Armour
 * Level 2.9(7.9) Dodging
 - Level 3.0(8.0) Shields
 * Level 1.7 Invocations


You had 7 spell levels left.
You didn't know any spells.
Your spell library contained the following spells:

 Spells                   Type           Power      Damage    Failure   Level
 Freeze                   Ice            0%         1d3       100%        1
 Ensorcelled Hibernation  Hex/Ice        0%         N/A       100%        2
 Passwall                 Tmut/Erth      0%         N/A       100%        2
 Frozen Ramparts          Ice            0%         1d1       100%        3
 Hailstorm                Conj/Ice       0%         3d3       100%        3
 Swiftness                Air            0%         N/A       100%        3
 Ice Form                 Ice/Tmut       0%         N/A       100%        4
 Simulacrum               Ice/Necr       Unusable   N/A       N/A         6

Dungeon Overview and Level Annotations

Branches:
Dungeon (7/15)             Temple (0/1) D:5

Altars:
Ashenzari
Dithmenos
Hepliaklqana
Makhleb
Okawaru
Qazlal
Ru
Xom

Shops:
D:3 ?

Annotations:
D:3 1 runed translucent door, Crazy Yiuf
D:4 2 transporters
D:7 Pikel


Innate Abilities, Weirdness & Mutations

You have a beak for a mouth.
You have claws for feet.
Your magical nature lets you fly swiftly and evasively.


Message History

The vampire mosquito draws strength from your injuries!
The vampire mosquito bites you.
The vampire mosquito draws strength from your injuries!
The lemure barely misses you.
You closely miss the lemure. You claw the lemure, but do no damage.
The lemure is heavily wounded.
You slash the vampire mosquito!
The vampire mosquito bites you but does no damage. x2
The lemure hits you!
* * * LOW HITPOINT WARNING * * *
The vampire mosquito bites you.
* * * LOW HITPOINT WARNING * * *
The vampire mosquito draws strength from your injuries!
You feel better. The vampire mosquito bites you.
* * * LOW HITPOINT WARNING * * *
The vampire mosquito draws strength from your injuries!
The lemure hits you.
* * * LOW HITPOINT WARNING * * *
You gain the combat prowess of a mighty hero.
You block the vampire mosquito's attack.
The vampire mosquito barely misses you. The lemure hits you but does no damage.
You hit the vampire mosquito but do no damage.
You peck the vampire mosquito, but do no damage.
The vampire mosquito is lightly damaged.
You slash the lemure!
You kill the lemure!
That felt strangely unrewarding.
The vampire mosquito bites you.
* * * LOW HITPOINT WARNING * * *
The vampire mosquito draws strength from your injuries!
The vampire mosquito bites you!
* * * LOW HITPOINT WARNING * * *
The vampire mosquito draws strength from your injuries!
You slash the vampire mosquito! Your kick misses the vampire mosquito.
The vampire mosquito is moderately damaged.
The vampire mosquito bites you but does no damage. x2
Unknown command.
You slash the vampire mosquito!
The vampire mosquito is severely damaged.
The vampire mosquito bites you!
You die...

#.#รท................<.........
##....................###......
#..........#####.###### ###....
###..#.......### #..# #....
........#.#....###..# #....
.....##.#)##.....#..#######
#....
..##....#.###.......#.....#
####.
..####..#........y........#
##.. ####
##....####.@#........# #...
...# #...## ##.###......# #..<
...####..>######## ##.....#
#... ...#..........# #.....#
#... ...#..........# #.#.###
#... ...#..........# #.#..#
##.. ####..........# #.##.# ##.
#..........# #..#.# ##
#..........# ##...#


You could see a vampire mosquito.

Vanquished Creatures
  A water moccasin (D:6)
  2 black bears
  An ogre (D:5)
  A centaur (D:6)
  A lemure (D:6)
  2 phantoms (D:4)
  7 hounds
  2 orc priests
  A jelly (D:4)
  4 iguanas (D:6)
  A gnoll bouda (D:6)
  2 sleepcaps (D:6)
  2 orc wizards
  5 gnolls (D:6)
  6 adders
  2 shadow imps (D:6)
  A white imp (D:6)
  An ufetubus (D:6)
  A dart slug (D:3)
  17 orcs
  6 ball pythons
  6 endoplasms
  7 giant cockroaches
  9 hobgoblins
  7 jackals
  5 quokkas
  7 bats
  3 frilled lizards
  6 goblins
  8 kobolds
  8 rats
132 creatures vanquished.

Notes
Turn   | Place    | Note
-------+----------+-------------------------------------------
     0 | D:1      | Kurtz the Tengu Fighter began the quest for the Orb.
     0 | D:1      | Reached XP level 1. HP: 14/14 MP: 2/2
   189 | D:1      | Reached XP level 2. HP: 19/19 MP: 3/3
   222 | D:1      | Reached skill level 3 in Axes
   721 | D:2      | Found a faded altar of an unknown god.
   757 | D:2      | Identified the +0 robe of the Slashing Gods {*Corrode rN+++
                  | SInv}
   814 | D:2      | Reached XP level 3. HP: 23/23 MP: 4/4
   873 | D:2      | Reached skill level 4 in Axes
  1237 | D:2      | Found a shimmering altar of Xom.
  1481 | D:3      | Found a burning altar of Makhleb.
  1516 | D:3      | Reached XP level 4. HP: 25/28 MP: 5/5
  1866 | D:3      | Reached skill level 5 in Axes
  2026 | D:3      | Found a shimmering altar of Xom.
  2270 | D:3      | Gained mutation: Your magical nature lets you fly swiftly
                  | and evasively. [Tengu growth]
  2270 | D:3      | Reached XP level 5. HP: 32/32 MP: 6/6
  2304 | D:3      | Found a runed translucent door.
  2305 | D:3      | Noticed Crazy Yiuf
  2392 | D:3      | Found Xoiq's Magic Scroll Shoppe.
  2395 | D:3      | Bought a scroll of teleportation for 39 gold pieces
  2395 | D:3      | Bought a scroll of identify for 26 gold pieces
  2546 | D:4      | Noticed a black bear
  2551 | D:4      | Killed a black bear
  2552 | D:4      | Reached skill level 6 in Axes
  2552 | D:4      | Reached skill level 1 in Dodging
  2552 | D:4      | Reached XP level 6. HP: 21/37 MP: 7/7
  2709 | D:4      | Reached skill level 7 in Axes
  2938 | D:4      | Reached XP level 7. HP: 41/41 MP: 8/8
  2951 | D:4      | Found an iron altar of Okawaru.
  2997 | D:4      | Became a worshipper of Warmaster Okawaru
  3193 | D:4      | Noticed a yak
  3194 | D:4      | Found a transporter.
  3244 | D:4      | Found a broken altar of Ashenzari.
  3253 | D:4      | Found a transporter.
  3394 | D:5      | Entered Level 5 of the Dungeon
  3751 | D:5      | Reached skill level 8 in Axes
  3800 | D:5      | Reached * piety under Okawaru
  3908 | D:5      | Found a staircase to the Ecumenical Temple.
  3914 | D:5      | Reached skill level 1 in Invocations
  4221 | D:6      | Found a shadowy altar of Dithmenos.
  4221 | D:6      | Found a sacrificial altar of Ru.
  4224 | D:6      | Reached XP level 8. HP: 46/46 MP: 9/9
  4383 | D:6      | Reached skill level 5 in Armour
  4491 | D:6      | Reached skill level 9 in Axes
  4828 | D:6      | Found a hazy altar of Hepliaklqana.
  4829 | D:6      | Found a stormy altar of Qazlal.
  4884 | D:7      | Noticed Pikel
  4897 | D:6      | HP: 1/48 [vampire mosquito (7)]
  4899 | D:6      | Mangled by a vampire mosquito

Illustrated notes

Levels and vault maps discovered:
D:1:      ldierk_walled_garden, layout_basic
D:2:      layout_basic, nicolae_ecumenical_pavilion, basic_altar
D:3:      layout_loops_ring, old_standard_altar,
          mainiacjoe_overflow_concentric_impassable, serial_shops,
          nicolae_shop_rolled_up, roderic_lattice_a, grunt_decor_one_mirror,
          kennysheep_cross_bottleneck, serial_bayou_pond_c,
          uniq_crazy_yiuf_cottage
D:4:      layout_basic, gammafunk_temple_overflow_arena, marbit_many_paths
D:5:      nicolae_cairo_tiling, layout_rooms, minmay_temple_entry_antechambers,
          water_maze_lemuel
D:6:      layout_rooms, mainiacjoe_overflow_alcove_3
D:7:      layout_loops_cross, trog_antimagical, tso_oasis_becter, serial_shops,
          shop_statue, hellmonk_guarded_unrand_hermit, uniq_pikel, uniq_maggie,
          uniq_menkaure

Skill      XL: |  1  2  3  4  5  6  7  8 |
---------------+-------------------------+-----
Axes           | 3 4 5 6 7 8 9 |  9.5
Dodging        | 1 2 |  2.9
Armour         | 4 5 |  5.3
Invocations    | 1 |  1.7
Fighting       | 4 |  4.0
Shields        | |  3.0

Action                     |  1- 3 |  4- 6 |  7- 9 || total
---------------------------+-------+-------+-------++-------
  Melee: War axe           |    80 |     4 |       ||    84
         Kick              |    18 |    15 |    28 ||    61
         Peck              |    11 |    12 |    14 ||    37
         Battleaxe         |       |    67 |   111 ||   178
 Invoke: Heroism           |       |       |     2 ||     2
    Use: Scroll            |       |       |     3 ||     3
         Potion            |       |       |     7 ||     7
 Armour: Scale mail        |     6 |       |       ||     6
         Chain mail        |    24 |    31 |    18 ||    73
         Skin              |       |       |     6 ||     6
         Plate armour      |       |       |    70 ||    70
  Dodge: Dodged            |    20 |    23 |    80 ||   123
  Block: Buckler           |    27 |     4 |       ||    31
         Other             |       |    10 |    26 ||    36
         Reflection        |       |     1 |     1 ||     2
